 Dungeon Crawl Stone Soup version 0.25.0-11-g1f837a76a1 (webtiles) character file.

Game seed: 6308629238192042169

1878 sanka the Ducker (level 9, -14/61 HPs)
             Began as a Halfling Ice Elementalist on June 26, 2020.
             Killed from afar by a steam dragon (20 damage)
             ... with a ball of steam
             ... on level 6 of the Dungeon.
             The game lasted 00:15:23 (6975 turns).

sanka the Ducker (Halfling Ice Elementalist)        Turns: 6975, Time: 00:15:24

Health: -14/61     AC:  3    Str:  9    XL:     9   Next: 36%
Magic:  12/12      EV: 21    Int: 15    God:
Gold:   300        SH:  0    Dex: 22    Spells: 5/12 levels left

rFire    . . .     SeeInvis .   a - +11 rapier of Saappesiun {freeze, rC+ Dex+6}
rCold    + . .     Gourm    .   (shield restricted)
rNeg     . . .     Faith    .   o - +0 robe
rPois    .         Spirit   .   (no helmet)
rElec    .         Reflect  .   (no cloak)
rCorr    .         Harm     .   (no gloves)
MR       .....                  k - +0 pair of boots
Stlth    ++........             (no amulet)
HPRegen  0.20/turn              (no ring)
MPRegen  0.13/turn              (no ring)

@: no status effects
A: small, mutation resistance 1
a: no special abilities


You were on level 6 of the Dungeon.
You were not hungry.

You visited 1 branch of the dungeon, and saw 6 of its levels.

You collected 300 gold pieces.


Innate Abilities, Weirdness & Mutations

You are small and have problems with some larger weapons.
You are somewhat resistant to further mutation.


   Skills:
 + Level 5.5 Fighting
 + Level 5.1 Short Blades
 + Level 7.2 Dodging
 - Level 2.1 Stealth
 - Level 2.0 Spellcasting
 - Level 7.0 Ice Magic


You had 5 spell levels left.
You knew the following spells:

 Your Spells              Type           Power        Failure   Level  Hunger
a - Ozocubu's Armour      Chrm/Ice       ##......     16%         3    ###....
y - Frozen Ramparts       Ice            ###...       3%          3    ###....
z - Freeze                Ice            ###.         1%          1    #......

Your spell library contained the following spells:

 Spells                   Type           Power        Failure   Level  Hunger
 Animate Skeleton         Necr           N/A          22%         1    #......
 Apportation              Tloc           #.....       22%         1    #......
 Corona                   Hex            #......      22%         1    #......
 Summon Small Mammal      Summ           #...         22%         1    #......
 Hailstorm                Conj/Ice       ##......     45%         4    #####..
 Summon Ice Beast         Ice/Summ       ##......     45%         4    #####..

Inventory:

Hand Weapons
 a - the +11 rapier of Saappesiun (weapon) {freeze, rC+ Dex+6}

   It has been specially enchanted to freeze those struck by it, causing extra
   injury to most foes and up to half again as much damage against particularly
   susceptible opponents.
   It can also slow down cold-blooded creatures.
   It affects your dexterity (+6).
   It protects you from cold.
 b - a +0 hunting sling
 w - a +1 dagger of draining
 x - a +0 short sword
Missiles
 e - 71 stones (quivered)
 n - 13 sling bullets
 p - 64 poisoned darts
Armour
 k - a +0 pair of boots (worn)
 o - a +0 robe (worn)
 E - +0 acid dragon scales
Jewellery
 D - an uncursed amulet of regeneration {unknown}
Wands
 s - a wand of random effects (13)
 u - a wand of clouds (8)
 C - a wand of polymorph (6)
Scrolls
 f - 2 scrolls of identify {unknown}
 g - 2 scrolls of noise {unknown}
 i - a scroll of teleportation {unknown}
 j - a scroll of enchant armour {unknown}
 q - 2 scrolls of blinking {unknown}
 r - 2 scrolls of magic mapping {unknown}
 t - a scroll of fear {unknown}
 y - 2 scrolls of remove curse {unknown}
Potions
 d - 2 potions of curing {@q1}
 h - 4 potions of heal wounds {@q2}
 l - a potion of resistance {unknown}
 m - a potion of might {unknown}
 v - a potion of flight {unknown}
 z - a potion of mutation {unknown}
 A - a potion of magic {unknown}
 B - a potion of ambrosia {unknown}
Comestibles
 c - 17 rations
 F - a chunk of flesh

Dungeon Overview and Level Annotations

Branches:
Dungeon (6/15)
 Temple: D:4-7

Altars:
Dithmenos
Gozag
Nemelex Xobeh
Qazlal
Xom

Annotations:
D:4 1 runed translucent door, xccam's ghost, amateur TeWr

▒..▒▒▒▒...▒▒▒..▒▒.▒▒▒
.
▒...........).....>..
..▒
▒.▒▒▒▒▒▒▒▒...▒▒.▒..▒▒
....▒▒▒▒▒.▒
▒..▒▒▒▒.....▒
▒....▒..▒ ▒.▒▒
▒▒▒▒... ▒▒▒...▒▒▒▒ ▒.
▒▒... ▒.....D..▒▒ ▒.
▒....
▒▒.▒.▒.▒##.▒▒▒▒.▒▒
▒.▒▒.
▒....D.▒..p......▒
... ▒.
▒..▒▒.▒▒▒.....p)..▒
▒.▒ ▒▒.
▒.▒▒..#▒▒(▒▒▒▒▒▒..▒
▒. ▒▒.. S. ▒...#.▒▒▒
▒ ▒▒... ▒. ▒≈..D.▒
▒...▒ . ▒#≈...▒
▒....▒▒ ▒▒≈≈≈)..
▒........ ▒▒▒▒≈≈≈≈
▒....▒▒▒▒ ▒▒▒▒▒ ▒.▒..
▒


You could see a steam dragon (catching breath) and a neutral freed slave
(wandering).


Message History

The ball of steam misses you.
You hear an angry hiss.
You hit the steam dragon. You freeze the steam dragon.
The steam dragon is severely wounded.
The steam dragon breathes steam at you. The ball of steam misses you.
You barely miss the steam dragon.
The steam dragon is severely wounded.
You are engulfed in a cloud of scalding steam.
The steam dragon misses you. The steam dragon misses you.
You hit the steam dragon. You freeze the steam dragon.
The steam dragon is almost dead.
You are engulfed in a cloud of scalding steam.
* * * LOW HITPOINT WARNING * * *
The steam dragon closely misses you. The steam dragon barely misses you.
A steam dragon comes into view.
The steam dragon breathes steam at you. The ball of steam hits you!!
* * * LOW HITPOINT WARNING * * *
You are engulfed in a cloud of scalding steam.
* * * LOW HITPOINT WARNING * * *
Found a spear and 15 arrows.
You see here 12 gold pieces.
The steam dragon breathes steam at you. The ball of steam hits you!!
You die...

Action                   |  1- 3 |  4- 6 |  7- 9 || total
-------------------------+-------+-------+-------++-------
Melee: Short sword       |    27 |    16 |       ||    43
       Rapier            |       |       |    35 ||    35
 Fire: Hunting sling     |       |    43 |    99 ||   142
 Cast: Freeze            |    44 |    53 |    69 ||   166
       Frozen Ramparts   |       |     3 |     5 ||     8
  Use: Potion            |       |       |     1 ||     1
 Stab: Sleeping          |     1 |     1 |     5 ||     7
  Eat: Chunk             |     2 |     9 |    12 ||    23
Armor: Robe              |     9 |     5 |     8 ||    22
Dodge: Dodged            |    54 |    37 |    71 ||   162

Levels and vault maps discovered:
D:1:      erik_arrival_triangle_small, layout_rooms
D:2:      layout_rooms, serial_curves, eino_curves_01, eino_curves_02,
          lemuel_altar_in_water
D:3:      layout_basic, nicolae_dithmenos_shadow_blocks, first_ration,
          minmay_hedge_maze, uniq_sigmund, uniq_jessica
D:4:      cheibrodos_thug_alley, layout_rooms, gammafunk_ghost_grave,
          minmay_ogre_servants
D:5:      layout_layer_cave, chequers_temple_overflow_statue_of_worship
D:6:      cheibrodos_steamvent, layout_rooms, overflow_temple_1_default,
          serial_shops, shop_statue, uniq_maggie, uniq_duvessa, uniq_pikel

Notes
Turn   | Place    | Note
-------+----------+-------------------------------------------
     0 | D:1      | sanka the Halfling Ice Elementalist began the quest for the
                  | Orb.
     0 | D:1      | Reached XP level 1. HP: 11/11 MP: 3/3
   278 | D:1      | Reached XP level 2. HP: 12/17 MP: 4/4
   312 | D:1      | Reached skill level 2 in Spellcasting
   712 | D:1      | Reached XP level 3. HP: 21/21 MP: 4/6
   924 | D:1      | Learned a level 3 spell: Frozen Ramparts
  1422 | D:2      | Reached skill level 5 in Ice Magic
  1422 | D:2      | Reached XP level 4. HP: 27/27 MP: 4/7
  1869 | D:2      | Found a stormy altar of Qazlal.
  2339 | D:3      | Noticed Sigmund
  2345 | D:3      | Killed Sigmund
  2345 | D:3      | Reached skill level 6 in Ice Magic
  2345 | D:3      | Reached XP level 5. HP: 27/31 MP: 1/8
  2345 | D:3      | Reached XP level 6. HP: 31/36 MP: 1/9
  2837 | D:3      | Found a shadowy altar of Dithmenos.
  2858 | D:3      | Noticed Jessica
  2866 | D:3      | Killed Jessica
  3579 | D:4      | Reached skill level 7 in Ice Magic
  3581 | D:4      | Reached skill level 1 in Fighting
  3727 | D:4      | Reached skill level 3 in Dodging
  3760 | D:4      | Reached XP level 7. HP: 43/43 MP: 8/10
  3782 | D:4      | Reached skill level 2 in Fighting
  4241 | D:4      | Reached skill level 4 in Dodging
  4316 | D:4      | Reached skill level 3 in Fighting
  4577 | D:4      | Reached XP level 8. HP: 42/52 MP: 7/11
  4655 | D:4      | Reached skill level 5 in Dodging
  4768 | D:4      | Found a runed translucent door.
  4769 | D:4      | Noticed xccam's ghost (amateur TeWr)
  4788 | D:4      | Got a dazzling rapier
  4789 | D:4      | Identified the +11 rapier of Saappesiun {freeze, rC+ Dex+6}
                  | (You found it on level 4 of the Dungeon)
  4846 | D:4      | Learned a level 3 spell: Ozocubu's Armour
  4849 | D:5      | Entered Level 5 of the Dungeon
  4965 | D:5      | Found a sparkling altar of Nemelex Xobeh.
  4966 | D:5      | Found a shimmering altar of Xom.
  4967 | D:5      | Found an opulent altar of Gozag.
  5078 | D:5      | Reached skill level 4 in Fighting
  5078 | D:5      | Reached skill level 1 in Short Blades
  5690 | D:5      | Reached skill level 2 in Short Blades
  6539 | D:6      | Identified +0 acid dragon scales
  6539 | D:6      | Noticed Maggie
  6553 | D:6      | Killed Maggie
  6553 | D:6      | Reached skill level 3 in Short Blades
  6553 | D:6      | Reached skill level 6 in Dodging
  6553 | D:6      | Reached XP level 9. HP: 33/60 MP: 2/12
  6833 | D:6      | Noticed Pikel
  6844 | D:6      | Killed Pikel
  6844 | D:6      | Reached skill level 5 in Fighting
  6844 | D:6      | Reached skill level 5 in Short Blades
  6844 | D:6      | Reached skill level 7 in Dodging
  6969 | D:6      | HP: 4/61 [steam dragon] (5)]
  6975 | D:6      | Killed from afar by a steam dragon

Vanquished Creatures
  Pikel (D:6)
  Maggie (D:6)
  Sigmund (D:3)
  A slave (D:6)
  2 ogres (D:4)
  2 big kobolds (D:4)
  A scorpion (D:4)
  A crimson imp (D:5)
  A bullfrog zombie (D:5)
  3 jellies
  Jessica (D:3)
  2 bullfrog skeletons (D:5)
  4 iguanas
  3 worker ants
  A howler monkey zombie (D:5)
  4 gnolls (D:4)
  7 adders
  An ooze (D:3)
  An adder skeleton (D:6)
  4 worms
  3 dart slugs
  2 leopard geckos (D:1)
  7 orcs
  5 bats
  6 giant cockroaches
  9 hobgoblins
  2 jackals (D:4)
  14 kobolds
  2 quokkas (D:5)
  4 frilled lizards
  A giant cockroach zombie (D:5)
  16 goblins
  7 rats
120 creatures vanquished.
